 Dungeon Crawl Stone Soup version 0.17-a0-2002-g92c7e20 (webtiles) character file.

203 inmateoo the Sneak (level 5, -20/30 HPs)
             Began as a Tengu Enchanter on Oct 9, 2015.
             Was a Follower of Ashenzari.
             Demolished by an ogre
             ... wielding a +0 giant spiked club
              (29 damage)
             ... on level 4 of the Dungeon.
             The game lasted 00:06:10 (3160 turns).

inmateoo the Sneak (Tengu Enchanter)                Turns: 3160, Time: 00:06:10

Health: -20/30     AC:  3    Str:  8    XL:     5   Next: 81%
Magic:  4/10       EV: 12    Int: 18    God:    Ashenzari [*.....]
Gold:   253        SH:  0    Dex: 15    Spells: 3 memorised, 3 levels left

rFire  . . .     SeeInvis .     f - +1 short sword (elec)
rCold  . . .     Clarity  +     l - troll hide
rNeg   . . .     SustAt   .     (no shield)
rPois  .         Gourm    .     (helmet restricted)
rElec  .         Spirit   .     g - +0 cloak
rCorr  .         Warding  .     (no gloves)
rMut   .         Stasis   .     (boots unavailable)
MR     .....                    (no amulet)
Stlth  ++........               (no ring)
                                (no ring)

@: very slightly contaminated, not resistant to hostile enchantments, unstealthy
A: beak, talons 3, clarity, clever 1, able to fly 1
a: Fly, Scrying, Renounce Religion


You were on level 4 of the Dungeon.
You worshipped Ashenzari.
Ashenzari was aware of your devotion.
You were not hungry.

You visited 1 branch of the dungeon, and saw 4 of its levels.

You collected 253 gold pieces.

Inventory:

Hand Weapons
 f - a +1 short sword of electrocution (weapon)
 p - a +1 dagger of draining
Armour
 b - a +1 robe
 g - a +0 cloak (worn)
 l - a troll hide (worn)
Jewellery
 e - an uncursed ring of ice
Scrolls
 i - a scroll of remove curse
 q - a scroll of recharging {unknown}
 r - 3 scrolls of blinking {unknown}
 u - a scroll of enchant armour {unknown}
Potions
 h - a potion of might
 j - 2 potions of beneficial mutation {unknown}
 k - a potion of curing
 m - a potion of poison {unknown}
 o - a potion of flight
Books
 c - a book of Maledictions

   Spells                             Type                      Level
   a - Corona                         Hexes                        1
   b - Ensorcelled Hibernation        Hexes/Ice                    2
   c - Confuse                        Hexes                        3
   d - Tukima's Dance                 Hexes                        3
   e - Dazzling Spray                 Conjuration/Hexes            3
Comestibles
 a - 2 meat rations
 d - 5 bread rations
 n - 7 fruits
 s - 2 chunks of flesh
 t - a slice of pizza


   Skills:
 + Level 2.0 Fighting
 * Level 3.4 Short Blades
 + Level 3.1 Dodging
 + Level 3.6 Stealth
 + Level 2.7 Spellcasting
 - Level 2.1 Hexes
 + Level 1.1 Ice Magic


You had 3 spell levels left.
You knew the following spells:

 Your Spells              Type           Power        Failure   Level  Hunger
a - Corona                Hex            ##.....      12%         1    #......
b - Ensorcelled Hibernat  Hex/Ice        #.....       21%         2    ##.....
c - Confuse               Hex            ##......     34%         3    ###....


Dungeon Overview and Level Annotations

Branches:
Dungeon (4/15)
 Temple: D:4-7

Altars:
Ashenzari
Dithmenos
Ru

Annotations:
D:4 exclusion: ogre


Innate Abilities, Weirdness & Mutations

You have a beak for a mouth.
You have claws for feet.
You can fly.
You possess an exceptional clarity of mind.
Your mind is acute. (Int +2)


Message History

* * * LOW HITPOINT WARNING * * *
Casting: Ensorcelled Hibernation
Confirm with . or Enter, or press ? or * to list all spells.
Aiming: Ensorcelled Hibernation
Press: ? - help, Shift-Dir - straight line, f - ogre
Aim: an ogre, wielding a giant spiked club (chance to defeat MR: 39%)
You miscast Ensorcelled Hibernation.
You are very lightly contaminated with residual magic.
Frost covers your body.
The ogre hits you with a giant spiked club.
* * * LOW HITPOINT WARNING * * *
Casting: Ensorcelled Hibernation
Confirm with . or Enter, or press ? or * to list all spells.
Aiming: Ensorcelled Hibernation
Press: ? - help, Shift-Dir - straight line, f/p - ogre
Aim: an ogre, wielding a giant spiked club (chance to defeat MR: 39%)
The ogre resists with some effort.
The ogre hits you with a giant spiked club!!
Ouch! That really hurt!
You die...

........#...##.. #....
.##.#....)..# .. #...#
###)#.#....### ..#...#
.)..)......... .#...#
.[..#.#...(# ....#
####.......#### ##...##
......#........ #.....#
......#.##########(#.##
......#.........@Oo# #
......#.....#.######
.....#........#
........##.##.#
(...##..#.....#####.
....##..#............
....##..#.########...
........#.# #######.#.#


You could see an ogre and an orc.

Vanquished Creatures
  Ijyb (D:2)
  An orc wizard (D:4)
  An iguana (D:4)
  Terence (D:2)
  3 adders
  2 worms
  2 giant geckos
  6 orcs
  A ball python (D:2)
  9 bats
  3 giant cockroaches
  7 goblins
  8 hobgoblins
  2 jackals (D:3)
  4 kobolds
  4 giant newts
  7 rats
62 creatures vanquished.

Notes
Turn   | Place    | Note
--------------------------------------------------------------
     0 | D:1      | inmateoo the Tengu Enchanter began the quest for the Orb.
     0 | D:1      | Reached XP level 1. HP: 10/10 MP: 4/4
   556 | D:1      | Reached XP level 2. HP: 15/15 MP: 6/6
   792 | D:1      | Learned a level 2 spell: Ensorcelled Hibernation
  1076 | D:2      | Found a sacrificial altar of Ru.
  1132 | D:2      | Noticed Ijyb
  1139 | D:2      | Killed Ijyb
  1139 | D:2      | Reached skill level 1 in Fighting
  1139 | D:2      | Reached XP level 3. HP: 15/20 MP: 7/7
  1226 | D:2      | Noticed Terence
  1239 | D:2      | Killed Terence
  1239 | D:2      | Reached XP level 4. HP: 20/25 MP: 3/8
  1563 | D:2      | Gained mutation: You possess an exceptional clarity of mind. [potion of mutation]
  1563 | D:2      | Gained mutation: Your mind is acute. (Int +2) [potion of mutation]
  1729 | D:2      | Learned a level 3 spell: Confuse
  2153 | D:3      | Gained mutation: You can fly. [Tengu growth]
  2153 | D:3      | Reached XP level 5. HP: 29/29 MP: 9/9
  2346 | D:3      | Found a faded altar to an unknown god.
  2354 | D:3      | Became a worshipper of Ashenzari the Shackled
  2354 | D:3      | Acquired Ashenzari's first power
  2447 | D:3      | Found a shadowy altar of Dithmenos.
  2624 | D:3      | Reached skill level 1 in Ice Magic
  2839 | D:4      | Noticed an ogre
  3155 | D:4      | Noticed an ogre
  3160 | D:4      | Demolished by an ogre

Vault maps used:
D:1:      eino_arrival_cavern_c
D:2:      lemuel_upstairs_altar, nicolae_ru_sacrificial_ziggurat, uniq_terence,
          uniq_jessica, uniq_iyjb
D:3:      lemuel_coloured_pillars_altar, first_bread, ecumenical_altar_2,
          kennysheep_nub, serial_bayou_crossing
D:4:      serial_shops, shop, nrook_loot_triangle

Action                   |  1- 3 |  4- 6 || total
-------------------------+-------+-------++-------
Melee: Dagger            |    37 |       ||    37
       Short sword       |    40 |    92 ||   132
 Cast: Ensorcelled Hiber |     1 |    10 ||    11
  Use: Scroll            |     3 |     7 ||    10
       Potion            |     1 |     1 ||     2
 Stab: Invisible         |     1 |       ||     1
       Sleeping          |     6 |     6 ||    12
       Distracted        |       |     2 ||     2
  Eat: Chunk             |     1 |     8 ||     9
